 Dungeon Crawl Stone Soup version 0.29-a0-88-g03a7b78be7 (webtiles) character file.

Game seed: 5195298116036891879

55 dmks the Magician (level 4, -1/31 HPs)
             Began as a Djinni Fire Elementalist on Feb 5, 2022.
             Slain by Sigmund (11 damage)
             ... on level 2 of the Dungeon.
             The game lasted 00:02:51 (1799 turns).

dmks the Magician (Djinni Fire Elementalist)        Turns: 1799, Time: 00:02:52

Health: -1/31      AC:  3    Str:  7    XL:     4   Next: 14%
Gold:   38         EV: 12    Int: 18    God:
                   SH:  0    Dex: 14

rFire   + + .      SeeInvis .   (no weapon)
rCold   x . .      Faith    .   (no shield)
rNeg    . . .      Spirit   .   a - +0 robe
rPois   ∞          Reflect  .   (no helmet)
rElec   .          Harm     .   f - +0 cloak
rCorr   .          Rampage  .   (no gloves)
Will    .....                   (boots unavailable)
Stlth   +.........              (no amulet)
HPRegen 0.10/turn               (no ring)
MPRegen 0.00/turn               (no ring)

@: confused, brilliant, flying
A: sickness immunity, fire resistance 2, cold vulnerability 1, float, innate
caster, HP casting, extra vitality 1
a: no special abilities


You were on level 2 of the Dungeon.
You visited 1 branch of the dungeon, and saw 2 of its levels.

You collected 38 gold pieces.

Inventory:

Armour
 a - a +0 robe (worn)
 f - a +0 cloak (worn)
   (You found it on level 1 of the Dungeon)
Jewellery
 e - a ring of resist corrosion
   (You found it on level 1 of the Dungeon)
Scrolls
 b - a scroll of immolation {!r}
 d - a scroll of noise {unknown}


   Skills:
 - Level 2.1 Dodging
 - Level 1.5 Stealth
 + Level 3.7 Spellcasting


You couldn't memorise any spells.
You knew the following spells:

 Your Spells              Type           Power      Damage    Failure   Level
a - Foxfire               Conj/Fire      96%        2x1d8     3%          1
b - Scorch                Fire           48%        2d7       4%          2
c - Inner Flame           Hex/Fire       24%        N/A       10%         3
d - Conjure Flame         Conj/Fire      24%        6-21      10%         3
e - Flame Wave            Conj/Fire      24%        2d7       32%         4
f - Magic Dart            Conj           96%        1d7       3%          1
Your spell library was empty.

Dungeon Overview and Level Annotations

Branches:
Dungeon (2/15)

Altars:

Annotations:
D:2 Sigmund


Innate Abilities, Weirdness & Mutations

You are immune to sickness and miasma.
You are immune to poison.
Your flesh is very heat resistant. (rF++)
You are vulnerable to cold. (rC-)
You float through the air rather than walking.
You learn spells naturally, not from books.
Your magical power is your life essence.
You have superior vitality. (+4 MHP)


Message History

A rat comes into view.
The foxfire hits the rat.
You kill the rat!
The foxfire hits something.
A puff of flame appears from out of thin air!
Deactivating autopickup; reactivate with Ctrl-A.
The puff of flame hits you. You resist.
There is a strange disturbance nearby!
You conjure some foxfire!
The foxfire hits something but does no damage.
Unknown command.
A puff of flame appears from out of thin air!
The puff of flame hits you. You resist.
You conjure some foxfire!
The foxfire hits something but does no damage.
Something hits you!
You conjure some foxfire!
* * * LOW HITPOINT WARNING * * *
Something hits you.
* * * LOW HITPOINT WARNING * * *
The foxfire hits something.
You can't see any susceptible monsters within range! (Use Z to cast anyway.) Flames lash something.
* * * LOW HITPOINT WARNING * * *
Something hits you.
* * * LOW HITPOINT WARNING * * *
You are too injured to fight recklessly!
You are too injured to fight recklessly!
Flames lash something.
* * * LOW HITPOINT WARNING * * *
You feel better.
You hear some strange, mumbled words.
You are confused.
You're too confused to move!
Sigmund appears from thin air!
Reactivating autopickup.
Sigmund the Dreaded comes into view.
He is wielding a +0 scythe.
Sigmund hits you from afar with a +0 scythe.
* * * LOW HITPOINT WARNING * * *
It was a potion of brilliance.
You feel clever all of a sudden.
Sigmund casts a spell.
Sigmund flickers and vanishes!
Deactivating autopickup; reactivate with Ctrl-A.
You are too confused!
Unknown command.
You feel better.
You hear some strange, mumbled words.
You are confused.
Something hits you!
You die...

#.....## ######.....
#.....# ###.....
#.....# #.......
#.....# ##.#...).
####### ######..#.....
. ####......##.....
... #....############
.....############.####
#............{@.#
..†....############
..##.#. # ##


There were no monsters in sight!

Vanquished Creatures
  3 adders (D:2)
  A dart slug (D:2)
  2 endoplasms
  A giant cockroach (D:1)
  4 goblins
  4 hobgoblins (D:1)
  2 ball pythons
  3 bats
  2 frilled lizards
  3 kobolds (D:1)
  2 rats
27 creatures vanquished.

Vanquished Creatures (others)
  102 foxfires
102 creatures vanquished.

Grand Total: 129 creatures vanquished

Notes
Turn   | Place    | Note
-------+----------+-------------------------------------------
     0 | D:1      | dmks the Djinni Fire Elementalist began the quest for the
                  | Orb.
     0 | D:1      | Reached XP level 1. HP: 15/15 MP: 0/0
   222 | D:1      | Reached XP level 2. HP: 11/21 MP: 0/0
   694 | D:1      | Reached skill level 3 in Spellcasting
  1354 | D:2      | Reached XP level 3. HP: 20/25 MP: 0/0
  1354 | D:2      | Learned a level 1 spell: Magic Dart
  1457 | D:2      | Reached XP level 4. HP: 11/31 MP: 0/0
  1797 | D:2      | Noticed Sigmund
  1799 | D:2      | Slain by Sigmund

Illustrated notes

Levels and vault maps discovered:
D:1:      erik_arrival_cave_to_civilisation [erik_arrival_cave_to_hall],
          layout_rooms
D:2:      layout_rooms, ebering_ecumenical_altar_abandoned,
          lemuel_another_geyser, uniq_sigmund

Skill      XL: |  1  2 |
---------------+-------+-----
Spellcasting   | 3 |  3.7
Dodging        | |  2.1
Stealth        | |  1.5

Action                   |  1- 3 |  4- 6 || total
-------------------------+-------+-------++-------
 Cast: Foxfire           |    62 |     9 ||    71
       Scorch            |     1 |     2 ||     3
  Use: Scroll            |     3 |       ||     3
       Potion            |       |     3 ||     3
Armor: Robe              |     6 |       ||     6
Dodge: Dodged            |    19 |       ||    19

Table legend: (Time is in decaauts)
 A = Elapsed time spent in this place.
 B = Non-inter-level travel time spent in this place.
 C = Inter-level travel time spent in this place.
 D = Time resting spent in this place.
 E = Time spent auto-exploring this place.
 F = Levels seen in this place.
 G = Mean time per level.
                   A        B        C        D        E       F      G
               +--------+--------+--------+--------+--------+-----+--------+
         Total |   1798 |   1793 |      5 |    357 |   1195 |   2 |  899.0 |
       Dungeon |   1798 |   1793 |      5 |    357 |   1195 |   2 |  899.0 |
               +--------+--------+--------+--------+--------+-----+--------+

Top non-repeatable levels by time:
     D:1: 1236 daAuts
     D:2: 562 daAuts
